 Dungeon Crawl Stone Soup version 0.27-a0-1312-g5cdb2b3542 (webtiles) character file.

Game seed: 12217272526524381885

6993 Charly the Fighter (level 10, 91/91 HPs)
             Began as a Demonspawn Wanderer on May 23, 2021.
             Was a Believer of Ashenzari.
             Quit the game on level 8 of the Dungeon on June 20, 2021.
             The game lasted 00:54:41 (8868 turns).

Charly the Fighter (Demonspawn Wanderer)            Turns: 8868, Time: 00:54:42

Health: 91/91      AC: 16    Str: 13    XL:     10   Next: 81%
Magic:  17/17      EV: 13    Int: 14    God:    Ashenzari [**....]
Gold:   651        SH:  0    Dex: 21    Spells: 11/19 levels left

rFire    + . .     SeeInvis +   a - +1 spear (venom)
rCold    + . .     Faith    .   (no shield)
rNeg     . . .     Spirit   .   H - +3 ring mail of the Astral Augur {rC+, Self, Bglg} (curse)
rPois    .         Reflect  .   (no helmet)
rElec    .         Harm     .   (no cloak)
rCorr    .         Rampage  ∞   I - +2 pair of gloves "Profound Repose" {Stlth+, Alch, Self} (curse)
Will     .....                  C - +3 pair of seven-league boots {Rampage+∞}
Stlth    ++++++....             h - amulet "the Ego of Ashenzari" {Regen+, Self, Elem} (curse)
HPRegen  1.25/turn              f - ring of protection from fire
MPRegen  0.15/turn              w - ring of wizardry

@: studying 2 skills
A: hooves 1, thin skeletal structure 3, demonic magic 1
a: Renounce Religion, Shatter the Chains


You were on level 8 of the Dungeon.
You worshipped Ashenzari.
Ashenzari was pleased with you.
You visited 1 branch of the dungeon, and saw 8 of its levels.
You also visited: Sewer.

You collected 651 gold pieces.

Inventory:

Hand Weapons
 a - a +1 spear of venom (weapon)
 b - a +2 vorpal hand crossbow
 d - a +1 vorpal halberd
Missiles
 e - 21 poisoned darts (quivered)
 o - 2 boomerangs
 A - a throwing net
 B - 79 bolts
Armour
 k - a +2 plate armour of cold resistance
 y - a +2 ring mail of positive energy
 z - a +0 ring mail of willpower
 C - the +3 pair of seven-league boots (worn) {Rampage+∞}
   (You found it on level 7 of the Dungeon)
 H - the cursed +3 ring mail of the Astral Augur (worn) {rC+, Self, Bglg}
   (You took it off an orc on level 7 of the Dungeon)

   It has a curse which improves the following skills: Introspection: Fighting
   and Spellcasting.
   Beguiling: Conjurations, Hexes and Translocations.
 I - the cursed +2 pair of gloves "Profound Repose" (worn) {Stlth+, Alch, Self}
   (You acquired it on level 6 of the Dungeon)

   It has a curse which improves the following skills: Alchemy: Poison Magic and
   Transmutations.
   Introspection: Fighting and Spellcasting.
 J - a +0 chain mail of poison resistance
Jewellery
 c - a ring of ice
 f - a ring of protection from fire (left hand)
 h - the cursed amulet "the Ego of Ashenzari" (around neck) {Regen+, Self, Elem}
   (You found it on level 4 of the Dungeon)

   [amulet of regeneration]

   It increases your rate of health regeneration.
   It has a curse which improves the following skills: Introspection: Fighting
   and Spellcasting.
   Elements:  Fire Magic, Ice Magic, Air Magic and Earth Magic.
 w - a ring of wizardry (right hand)
Wands
 p - a wand of mindburst (20)
 t - a wand of polymorph (8)
 v - a wand of flame (23)
Scrolls
 g - a scroll of torment
 i - a scroll of magic mapping
 n - 2 scrolls of amnesia
 s - a scroll of enchant weapon
 x - a scroll of summoning
 E - 2 scrolls of teleportation
 F - a scroll of immolation
Potions
 j - a potion of berserk rage
 l - a potion of curing
 m - 3 potions of attraction
 q - a potion of ambrosia
 r - a potion of cancellation
 u - a potion of heal wounds
 D - a potion of brilliance
 G - a potion of resistance
 K - a potion of flight


   Skills:
 + Level 9.9(12.7) Fighting
 - Level 5.8(6.0) Polearms
 - Level 1.7(4.1) Staves
 - Level 2.0 Crossbows
 - Level 1.0 Throwing
 - Level 5.0 Armour
 - Level 4.0 Dodging
 - Level 2.0 Stealth
 - Level 2.6(5.1) Spellcasting
 - Level 2.0(3.1) Conjurations
 + Level 3.6(4.9) Fire Magic
 - Level 8.0 Evocations


You had 11 spell levels left.
You knew the following spells:

 Your Spells              Type           Power      Damage    Failure   Level
a - Foxfire               Conj/Fire      56%        2x1d6     2%          1
b - Beastly Appendage     Tmut           8%         N/A       13%         1
c - Conjure Flame         Conj/Fire      14%        6-21      8%          3
d - Dazzling Flash        Conj/Hex       16%        N/A       21%         3

Your spell library contained the following spells:

 Spells                   Type           Power      Damage    Failure   Level
 Magic Dart               Conj           48%        1d5       4%          1
 Searing Ray              Conj           24%        3d4       6%          2
 Corona                   Hex            4%         N/A       13%         1
 Freeze                   Ice            16%        1d4       13%         1
 Ensorcelled Hibernation  Hex/Ice        8%         N/A       19%         2
 Corpse Rot               Necr/Air       N/A        N/A       21%         2
 Stone Arrow              Conj/Erth      16%        3d8       21%         3
 Confusing Touch          Hex            4%         N/A       34%         3
 Frozen Ramparts          Ice            8%         1d2       34%         3
 Ozocubu's Armour         Ice            4%         N/A       34%         3
 Spider Form              Tmut/Pois      2%         N/A       34%         3
 Tukima's Dance           Hex            4%         N/A       34%         3
 Fulminant Prism          Conj/Hex       4%         3d6       52%         4
 Hailstorm                Conj/Ice       8%         3d4       52%         4
 Iskenderun's Mystic Bla  Conj/Tloc      8%         2d4       52%         4
 Irradiate                Conj/Tmut      4%         3d14      86%         5
 Blade Hands              Tmut           2%         N/A       96%         5
 Metabolic Englaciation   Hex/Ice        2%         N/A       96%         5
 Summon Forest            Summ/Tloc      1%         N/A       97%         5
 Eringya's Noxious Bog    Tmut/Pois      2%         N/A       100%        6
 Statue Form              Tmut/Erth      2%         N/A       100%        6
 Dragon Form              Tmut           2%         N/A       100%        7
 Summon Hydra             Summ           1%         N/A       100%        7


Dungeon Overview and Level Annotations

Branches:
Dungeon (8/15)             Temple (0/1) D:4           Sewer (visited)
   Lair: D:8-11

Altars:
Ashenzari
Cheibriados
Dithmenos
Elyvilon
Fedhas
Gozag
Makhleb
Nemelex Xobeh
Qazlal
Ru
Vehumet
Yredelemnul

Annotations:
D:3 exclusion: statue
D:7 1 runed translucent door


Innate Abilities, Weirdness & Mutations

You have large cloven feet.
You have an unnaturally thin skeletal structure. (Dex +6, Stealth+++)
Spells you cast may paralyse adjacent enemies.


Message History

The orc priest is moderately wounded.
The orc priest barely misses you.
You hit the orc priest but do no damage.
The orc priest is heavily wounded.
The orc priest barely misses you. The orc priest closely misses you.
You puncture the orc priest!
The orc priest looks as sick as possible!
The orc priest is almost dead.
You kill the orc priest!
The orc priest completely misses you.
You barely miss the orc priest. You barely miss the orc priest.
The orc priest closely misses you.
You hit the orc priest.
The orc priest is poisoned.
The orc priest is moderately wounded.
The orc priest invokes the aid of Beogh against you.
You struggle to resist.
You hit the orc priest.
The orc priest looks as sick as possible!
The orc priest is severely wounded.
The orc priest closely misses you.
Your magical contamination has completely faded away.
You puncture the orc priest!
You kill the orc priest!
HP restored.
Magic restored.
Things that are here:
a +0 hand axe; a +0 chain mail You see here a +0 club.
Things that are here:
a +0 long sword; a +0 chain mail; an orc corpse
Things that are here:
a +0 scimitar; +0 steam dragon scales
Things that are here:
a +2 hand axe of electrocution; a +0 leather armour; an orc corpse
Okay, then.
Save game and exit?
Welcome back, Charly the Demonspawn Wanderer.
Ashenzari says: Partake of my vision.
Partake of my curse.
Press ? for a list of commands and other information.
Are you sure you want to abandon this character and quit the game? (Confirm with "yes".)

#.#*#...## * , # ..# #....
...... , **#.# ....,....##
## , ,* #.# * ..# #....#
*,... , * #+###.#
#.###....# #..# , ,
......#####........#.#..#*,
, .............###........#
......#####..##...##.#..# *
..###.#.........@.......#
#.###.#.###..........##.#
#.....#.# #..##...........
, , #.#####.#
#......###..#...
#.......###......# ....#. *
* ###.......#......#
#.##.#.
#..........[######.##...*,
, #........................
,
##............###........,,
,


There were no monsters in sight!

Vanquished Creatures
  A two-headed ogre (D:7)
  A salamander (shapeshifter) (D:8)
  A manticore (D:7)
  Maggie (D:8)
  2 trolls
  Grinder (D:4)
  A slime creature (D:8)
  A wyvern (D:7)
  A hog (shapeshifter) (D:8)
  A yak (shapeshifter) (D:7)
  A vampire mosquito (D:8)
  3 water moccasins
  4 ice beasts
  2 orc warriors
  A sky beast (D:6)
  2 black bears
  7 necrophages
  5 ogres
  2 phantoms
  A kobold brigand (D:7)
  Blork the orc (D:6)
  A bullfrog (D:8)
  6 scorpions
  A gnoll sergeant (D:6)
  A wyvern zombie (D:6)
  A water moccasin zombie (D:5)
  A water moccasin skeleton (D:5)
  2 howler monkeys (D:7)
  A bullfrog zombie (D:6)
  A centaur zombie (D:6)
  2 hounds (D:5)
  A human zombie (D:7)
  A jelly (D:6)
  A bullfrog skeleton (D:5)
  7 orc priests
  3 iguanas
  2 orc wizards
  A killer bee zombie (D:7)
  2 howler monkey zombies
  7 gnolls
  3 adders
  2 howler monkey skeletons
  A river rat (D:4)
  2 shadow imps
  A white imp (D:6)
  An ufetubus (D:3)
  An adder skeleton (D:4)
  An adder zombie (D:5)
  A worm (D:5)
  3 dart slugs
  25 orcs
  4 ball pythons
  4 endoplasms
  4 giant cockroaches
  12 goblins
  4 hobgoblins
  2 jackals (D:1)
  8 kobolds
  3 quokkas
  10 bats
  A frilled lizard (D:1)
  A jackal skeleton (D:4)
  A kobold zombie (D:7)
  5 rats
  A bush (D:6)
183 creatures vanquished.

Vanquished Creatures (others)
  A bush (D:6)
  A butterfly (D:7)
  4 foxfires
  10 plants (D:6)
16 creatures vanquished.

Grand Total: 199 creatures vanquished

Notes
Turn   | Place    | Note
-------+----------+-------------------------------------------
     0 | D:1      | Charly the Demonspawn Wanderer began the quest for the Orb.
     0 | D:1      | Charly set off with the following items: a +0 dagger, 2
                  | throwing nets, a +0 leather armour; and the following
                  | spells available to memorise: Foxfire, Beastly Appendage,
                  | Conjure Flame, Spider Form
     0 | D:1      | Reached XP level 1. HP: 15/15 MP: 2/2
     2 | D:1      | Learned a level 1 spell: Foxfire
    20 | D:1      | Learned a level 1 spell: Beastly Appendage
   251 | D:1      | Reached skill level 1 in Polearms
   251 | D:1      | Gained mutation: You have a somewhat thin skeletal
                  | structure. (Dex +2, Stealth+) [demonic ancestry]
   251 | D:1      | Reached XP level 2. HP: 21/21 MP: 0/3
  1024 | D:1      | Reached skill level 2 in Fighting
  1404 | D:2      | Reached skill level 1 in Stealth
  1404 | D:2      | Gained mutation: You have a moderately thin skeletal
                  | structure. (Dex +4, Stealth++) [demonic ancestry]
  1404 | D:2      | Reached XP level 3. HP: 23/27 MP: 2/4
  2179 | D:3      | Found a stormy altar of Qazlal.
  2258 | D:3      | Found a radiant altar of Vehumet.
  2258 | D:3      | Noticed a frost-covered statue
  2262 | D:3      | Found a broken altar of Ashenzari.
  2287 | D:3      | Gained mutation: You have large cloven feet. [demonic
                  | ancestry]
  2287 | D:3      | Reached XP level 4. HP: 34/34 MP: 3/5
  2305 | D:3      | Became a worshipper of Ashenzari the Shackled
  2577 | D:3      | Found a faded altar of an unknown god.
  2720 | D:3      | Reached skill level 3 in Fighting
  2951 | D:3      | Found a sacrificial altar of Ru.
  2972 | D:3      | Found a sacrificial altar of Ru.
  3251 | D:4      | Gained mutation: You have an unnaturally thin skeletal
                  | structure. (Dex +6, Stealth+++) [demonic ancestry]
  3251 | D:4      | Reached XP level 5. HP: 42/42 MP: 6/6
  3277 | D:4      | Noticed Grinder
  3358 | D:4      | Reached skill level 4 in Fighting
  3471 | D:4      | Found a glowing drain.
  3475 | Sewer    | Entered a sewer
  3509 | Sewer    | Noticed a water moccasin
  3551 | Sewer    | Killed a water moccasin
  3552 | Sewer    | Reached XP level 6. HP: 42/48 MP: 7/7
  3685 | D:4      | Found a staircase to the Ecumenical Temple.
  3714 | D:4      | Paralysed by Grinder for 2 turns
  3757 | D:3      | Noticed an ice beast
  3776 | D:3      | Killed an ice beast
  3777 | D:3      | Reached skill level 1 in Armour
  3919 | D:4      | Found a shadowy altar of Dithmenos.
  4315 | D:4      | Paralysed by Grinder for 5 turns
  4321 | D:4      | Killed Grinder
  4322 | D:4      | Gained mutation: Spells you cast may paralyse adjacent
                  | enemies. [demonic ancestry]
  4322 | D:4      | Reached XP level 7. HP: 46/54 MP: 8/8
  4546 | D:5      | Entered Level 5 of the Dungeon
  4644 | D:5      | Found a snail-covered altar of Cheibriados.
  4963 | D:5      | Reached skill level 5 in Evocations
  4981 | D:5      | Reached XP level 8. HP: 35/62 MP: 9/9
  5119 | D:5      | Reached skill level 5 in Fighting
  5250 | D:5      | Reached skill level 6 in Fighting
  5601 | D:5      | Reached skill level 5 in Polearms
  5806 | D:6      | Reached skill level 7 in Fighting
  5806 | D:6      | Reached XP level 9. HP: 72/72 MP: 10/10
  5874 | D:6      | Reached * piety under Ashenzari
  6000 | D:6      | Identified a scroll of acquirement
  6015 | D:6      | Acquired a +2 pair of gloves of stealth
  6053 | D:6      | Found a sparkling altar of Nemelex Xobeh.
  6158 | D:6      | Found a blossoming altar of Fedhas.
  6376 | D:6      | Noticed Blork the orc
  6389 | D:6      | Killed Blork the orc
  6517 | D:6      | Reached ** piety under Ashenzari
  6572 | D:6      | Found an opulent altar of Gozag.
  6779 | D:6      | Reached skill level 8 in Fighting
  7223 | D:7      | Reached skill level 9 in Fighting
  7412 | D:7      | Found the +3 pair of seven-league boots {Rampage+∞}
  7461 | D:7      | Found a runed translucent door.
  7658 | D:7      | Found a burning altar of Makhleb.
  7823 | D:7      | Reached skill level 1 in Crossbows
  7978 | D:7      | Reached XP level 10. HP: 87/89 MP: 14/14
  8010 | D:7      | Found a basalt altar of Yredelemnul.
  8180 | D:8      | Noticed a manticore
  8199 | D:7      | Killed a manticore
  8200 | D:7      | Reached skill level 5 in Armour
  8268 | D:8      | Noticed a two-headed ogre
  8429 | D:7      | Killed a two-headed ogre
  8497 | D:8      | Upgraded the game from 0.27-a0-1191-g601b473118 to
                  | 0.27-a0-1196-g3e9cee4cb2
  8501 | D:8      | Learned a level 3 spell: Conjure Flame
  8505 | D:8      | Learned a level 3 spell: Dazzling Flash
  8588 | D:8      | Reached skill level 1 in Fire Magic
  8608 | D:8      | Noticed a salamander
  8612 | D:8      | Killed a salamander
  8710 | D:8      | Noticed Maggie
  8735 | D:8      | Killed Maggie
  8868 | D:8      | Upgraded the game from 0.27-a0-1196-g3e9cee4cb2 to
                  | 0.27-a0-1312-g5cdb2b3542
  8868 | D:8      | Quit the game

Illustrated notes

Levels and vault maps discovered:
D:1:      dpeg_arrival_short_road, layout_loops_ring, serial_glass,
          glass_columns_a, glass_columns_a, item_on_display_a,
          due_unseen_surprise, item_on_display_a
D:2:      layout_rooms
D:3:      layout_rooms, general_overflow_altar, lemuel_round_altar,
          vehumet_statue, nicolae_ru_sacrificial_ziggurat,
          hellmonk_ecumenical_altar_pennies_from_heaven, kennysheep_flooded_box,
          palyth_stone_intersect
D:4:      layout_loops_ring, grunt_dithmenos_smoke_and_mirrors,
          minmay_temple_entry_trees, gup_sewer_entry_bowl, minmay_crossroads,
          uniq_grinder
D:5:      layout_loops_ring, amcnicky_altar_gilded, minmay_joined_circles
D:6:      layout_basic, fedhas_altar_decomposition,
          nemelex_xobeh_ov_fountains_minmay, grunt_gozag_breadcrumbs,
          uniq_blork_the_orc
D:7:      layout_basic, dk_yredelemnul_ordeal, nicolae_elyvilon_peaceful_grove,
          nicolae_overflow_crystal_walls, minivault_19, mrwooster_statue_mirror,
          kennysheep_cross_room, minivault_10, minivault_25
D:8:      minmay_cut_squares, layout_basic, kennysheep_generic_room_16,
          uniq_maggie

Skill      XL: |  1  2  3  4  5  6  7  8  9 10 |
---------------+-------------------------------+-----
Polearms       | 1 3 5 |  5.8
Fighting       | 2 3 4 7 9 |  9.9
Stealth        | 1 2 |  2.0
Armour         | 2 3 4 5 |  5.0
Evocations     | 3 5 7 8 |  8.0
Crossbows      | 1 2 |  2.0
Dodging        | 4 |  4.0
Fire Magic     | 3 |  3.6
Spellcasting   | 2 |  2.6
Staves         | |  1.7
Throwing       | |  1.0
Conjurations   | |  2.0

Action                   |  1- 3 |  4- 6 |  7- 9 | 10-12 || total
-------------------------+-------+-------+-------+-------++-------
Melee: Spear             |    80 |   127 |   659 |   162 ||  1028
       Kick              |    12 |     1 |       |       ||    13
       Headbutt          |     5 |       |       |       ||     5
 Fire: Hand crossbow     |       |       |    28 |    19 ||    47
Throw: Boomerang         |       |     8 |       |       ||     8
       Throwing net      |       |     2 |       |       ||     2
       Dart              |       |       |     4 |       ||     4
 Cast: Beastly Appendage |    28 |       |       |       ||    28
       Foxfire           |     2 |       |       |       ||     2
Invok: Curse Item        |       |       |     4 |       ||     4
       Shatter the Chain |       |       |     1 |       ||     1
Evoke: Wand              |       |     2 |       |    11 ||    13
  Use: Potion            |       |     2 |       |       ||     2
       Scroll            |       |       |     1 |       ||     1
 Stab: Sleeping          |     5 |     5 |     2 |     2 ||    14
       Invisible         |       |     1 |       |       ||     1
       Held in net/web   |       |     1 |       |       ||     1
       Distracted        |       |       |     2 |       ||     2
Armor: Leather armour    |     4 |       |       |       ||     4
       Scale mail        |       |    24 |       |       ||    24
       Ring mail         |       |     2 |     9 |    70 ||    81
       Plate armour      |       |    27 |   303 |       ||   330
Dodge: Dodged            |    19 |    28 |    75 |    83 ||   205

Table legend: (Time is in decaauts)
 A = Elapsed time spent in this place.
 B = Non-inter-level travel time spent in this place.
 C = Inter-level travel time spent in this place.
 D = Time resting spent in this place.
 E = Time spent auto-exploring this place.
 F = Levels seen in this place.
 G = Mean time per level.
                   A        B        C        D        E       F      G
               +--------+--------+--------+--------+--------+-----+--------+
         Total |   8747 |   8176 |    571 |    740 |   4597 |   9 |  971.9 |
       Dungeon |   8600 |   8029 |    571 |    740 |   4582 |   8 | 1075.0 |
         Sewer |    147 |    147 |      0 |      0 |     15 |   1 |  147.0 |
               +--------+--------+--------+--------+--------+-----+--------+

Top non-repeatable levels by time:
     D:3: 1784 daAuts
     D:1: 1279 daAuts
     D:7: 1250 daAuts
     D:5: 1160 daAuts
     D:6: 1151 daAuts
     D:4: 1006 daAuts
     D:2: 523 daAuts
     D:8: 443 daAuts
   Sewer: 147 daAuts
